[Event "FIDE World Cadets GU12 2022"]
[Site "Batumi"]
[Date "2022.09.27"]
[Round "11.1"]
[White "Shubhi Gupta"]
[Black "Goriachkina, Oksana"]
[Result "1/2-1/2"]
[ECO "D01"]
[WhiteElo "1733"]
[BlackElo "1748"]
[Annotator "NA RC COMBH"]
[PlyCount "57"]
[EventDate "2022.09.16"]
[EventType "swiss"]
[EventCountry "GEO"]
[SourceTitle "playchess.com"]
[Source "ChessBase"]
[SourceQuality "1"]
[TimeControl "5400+30"]

1. d4 d5 2. Nc3 Nf6 3. Bg5 c6 4. f3 Qb6 5. Na4 Qa5+ 6. c3 Nbd7 7. b4 Qc7 8. e3 e6 9. Bd3 Bd6 10. Ne2 b6 11. a3 Bb7 12. Nb2 c5 13. Qd2 c4 14. Bc2 b5 15. a4 a6 16. a5 h6 17. Bh4 O-O-O 18. Nd1 Rde8 19. Nf2 g5 20. Bg3 Nh5 21. Bxd6 Qxd6 22. O-O-O Ref8 23. e4 f5 24. exf5 exf5 25. Rde1 Ng7 26. h4 Qf6 27. hxg5 hxg5 28. Ng3 Kc7 29. Bb1 1/2-1/2

[Event "FIDE World Cadets GU12 2022"]
[Site "Batumi"]
[Date "2022.09.27"]
[Round "11.2"]
[White "Preobrazhenskaya, Diana"]
[Black "Abramkina, Veranika"]
[Result "1-0"]
[ECO "B43"]
[WhiteElo "1994"]
[BlackElo "1445"]
[Annotator "TA"]
[PlyCount "81"]
[EventDate "2022.09.16"]
[EventType "swiss"]
[EventCountry "GEO"]
[SourceTitle "playchess.com"]
[Source "ChessBase"]
[SourceQuality "1"]
[TimeControl "5400+30"]

1. e4 c5 2. Nf3 e6 3. d4 cxd4 4. Nxd4 a6 5. Nc3 Qc7 6. a3 Nf6 7. Be2 b5 8. O-O Bb7 9. Qd3 d5 {[%emt 0:04:00] B43: Sicilian: Kan Variation: 5 Nc3.} (9... Be7 $11 {keeps the balance.}) 10. exd5 $16 Nxd5 11. Bf3 (11. Bh5 Qe5 12. Nxe6 (12. Qf3 g6) 12... Qxh5 13. Nxf8) (11. Bh5 $16 g6 12. Nxd5 (12. Bf3 Nxc3 13. Bxb7 Qxb7 $11) 12... Bxd5 13. Bf3) 11... Nxc3 $11 {[%emt 0:03:30] [#] White has an edge.} 12. bxc3 $146 ({Predecessor:} 12. Bxb7 Qxb7 13. Qxc3 Nd7 14. Qg3 Be7 15. Bg5 Bxg5 16. Qxg5 O-O 17. Rad1 h6 18. Qg3 {1-0 (40) Boehle,R (2111)-Blum,G (2200) Offenbach 2005}) 12... Nd7 {[%emt 0:04:30] [#]} 13. Bf4 $1 Qb6 (13... e5 14. Rfe1 Bc5 15. Bxe5 Nxe5 16. Bxb7) (13... Qxf4 14. Bxb7 Ra7) (13... e5 14. Rfe1 Bc5 15. Bxe5 $1 Nxe5 16. Bxb7 $16) (13... Qc8 $14) (13... Qxf4 14. Bxb7) 14. Nf5 $2 O-O-O (14... exf5 15. Rfe1+ Be7 16. Bd6 (16. Qe2 O-O)) (14... Nc5 15. Qe3 Bxf3 16. Qxf3 Qb7 17. Qxb7 Nxb7) ({Don't do} 14... exf5 15. Rfe1+ Be7 16. Bd6 $16 (16. Qe2 O-O $15)) (14... Nc5 $1 $11 15. Qe3 Bxf3 16. Qxf3 Qb7 17. Qxb7 Nxb7) 15. Bxb7+ $14 Kxb7 (15... Qxb7 16. Nd6+ Bxd6 17. Qxd6 Rhe8) (15... Qxb7 $16 16. Nd6+ Bxd6 17. Qxd6 Qb6) 16. Nd4 $18 Ka8 (16... e5) (16... e5 $142) 17. a4 b4 {[%emt 0:06:30] [#]} 18. Qg3 (18. Bc7 Qxc7 19. Qxa6+ Qa7 20. Qxa7+ Kxa7 21. Nc6+ Ka6 22. Nxd8) (18. Bc7 $1 $18 {[%mdl 512] has better winning chances.} Qxc7 19. Qxa6+ Qa7 20. Qxa7+ Kxa7 21. Nc6+ Ka6 22. Nxd8) 18... Rc8 $16 19. a5 {[%emt 0:01:11] White is more active.} Qc5 {[%emt 0:02:30] [#]} (19... Qb7) 20. Be3 (20. cxb4 Qd5 21. Nf3) (20. cxb4 $1 $18 Qd5 21. Nf3) 20... Qd5 21. Rfd1 {[%emt 0:01:45][%cal Od4f5] And now Nf5! would win.} Bd6 {[%emt 0:00:30] [#]} (21... Nf6) 22. Qh3 Qe5 (22... Nf6) (22... Nf6 $16) 23. Qf3+ Qd5 24. Nxe6 Qxf3 25. gxf3 {[%emt 0:00:00] Really sharp!} Rc6 26. Nd4 (26. Nxg7 $2 Rg8 27. Kf1 Rxg7 28. cxb4 Bxh2 $17) 26... Rxc3 27. Nf5 Be5 28. Rab1 (28. Rxd7 $18 {and the rest is easy.} Rxe3 29. fxe3 Bxa1 30. Ne7 (30. Rxf7 Rc8 $11)) 28... Nf6 29. Rxb4 g6 $2 (29... Bc7) (29... Bc7 $14) 30. Ne7 $2 (30. Rb6 Rxc2 (30... Ra3 31. Rxa6+) 31. Nd6) (30. Rb6 {[%cal Od1b1] Rdb1! would kill now.} Ra3 31. Rxa6+ Kb7 32. Ra7+ Kc6 33. Nd4+ Bxd4 34. Bxd4) 30... Re8 (30... Rb8 31. Rxb8+ Bxb8) (30... Rb8 $142 31. Rxb8+ Bxb8) 31. Nd5 (31. f4 Bc7 32. Bd4) (31. f4 $18 Bc7 32. Bd4) 31... Nxd5 32. Rxd5 {[%emt 0:00:06] Strongly threatening Re4.} Rxc2 $2 {[%emt 0:00:15][%mdl 8192] [#]} (32... Bc7) (32... Bc7 $16) 33. Re4 $1 $18 f6 34. f4 Kb7 35. fxe5 Rxe5 36. Rdxe5 fxe5 37. Rxe5 {[%emt 0:00:04] KRB-KR} Kc6 38. Bb6 Rc4 39. h3 Rf4 40. Rc5+ Kd6 41. Bc7+ {Weighted Error Value: White=0.65/Black=1.06} 1-0

[Event "FIDE World Cadets GU12 2022"]
[Site "Batumi"]
[Date "2022.09.27"]
[Round "11.3"]
[White "Shreya G Hipparagi"]
[Black "Kaliakhmet, Elnaz"]
[Result "1/2-1/2"]
[ECO "B42"]
[WhiteElo "1574"]
[BlackElo "1864"]
[Annotator "NA RC COMBH"]
[PlyCount "279"]
[EventDate "2022.09.16"]
[EventType "swiss"]
[EventCountry "GEO"]
[SourceTitle "playchess.com"]
[Source "ChessBase"]
[SourceQuality "1"]
[TimeControl "5400+30"]

1. e4 c5 2. Nf3 e6 3. d4 cxd4 4. Nxd4 a6 5. Bd3 Bc5 6. Nb3 Ba7 7. c4 Nc6 8. Nc3 Nge7 9. O-O O-O 10. Kh1 f5 11. Bg5 (11. f4 $142) 11... f4 12. f3 Qe8 13. Bh4 $1 Qh5 14. Bf2 Bxf2 15. Rxf2 Rf6 {[%emt 0:03:30] [#]} (15... b6 $14) 16. Na4 (16. c5 $1 $16) 16... Rh6 17. h3 Ne5 18. Bf1 d5 19. Nb6 ({Don't play} 19. cxd5 $6 exd5 20. Nc3 dxe4 21. Nxe4 (21. Qd8+ $2 Kf7 $19) 21... Bf5 $14) 19... Rb8 20. exd5 ({White should try} 20. Qd2 $18) 20... Nf5 21. d6 Bd7 22. Nc5 $2 {[%emt 0:15:30] [#]} (22. Nxd7 $16 Nxd7 23. c5) 22... Bc6 $1 23. b4 Ng4 24. Qe1 (24. Qd2 $142) 24... Nxf2+ $2 (24... Ng3+ $19 {has better winning chances.} 25. Kg1 Ne3) 25. Qxf2 Nxd6 (25... Rd8 $19 26. Rd1 Rxd6 27. Rxd6 Nxd6) 26. Re1 e5 27. a4 {[%emt 0:01:30] [#]} Nf5 ({Black should try} 27... Re8 $1 28. Bd3 Nf5) 28. b5 axb5 29. cxb5 Ng3+ 30. Kg1 Be8 31. Nc4 Nxf1 (31... Bf7 $5 ) 32. Rxe5 Qf7 33. Qxf1 Rd8 $2 (33... b6 $1 $11 {and Black stays safe.} 34. Ne4 Qd7) 34. Ne4 $2 (34. Qe2 $18 Rc8 35. Re7) 34... Qc7 35. Qe2 Bf7 36. Rc5 Qe7 37. b6 Bd5 38. Rc7 Qe6 39. Qb2 Rg6 40. Ne5 Qxb6+ 41. Qxb6 Rxb6 42. Nc3 Bc6 43. Kf2 Rb2+ 44. Kg1 Re8 45. Nxc6 bxc6 46. Rxc6 Rc2 47. Kh2 Re1 (47... Rc1 $142 48. Rc7 Re3) 48. Rc8+ Kf7 49. Rc7+ Kg6 50. Nd5 Rxc7 51. Nxc7 Ra1 52. Ne6 Rxa4 53. Nc5 Ra2 54. Ne4 Kf5 55. h4 Ke5 56. Kh3 h6 57. Nc5 g6 58. Ne4 Kd4 59. Nf6 h5 60. Ne4 Ra1 61. Kh2 Ke3 62. Ng5 Ra4 63. Nh3 Ke2 64. Kg1 Rb4 65. Kh2 Ke3 66. Kg1 Rb1+ 67. Kh2 Ra1 68. Ng5 Rb1 69. Nh3 Ra1 70. Ng5 Ke2 (70... Ra2 $19 {is more deadly.} 71. Ne6 Rc2) 71. Nh3 Ra4 72. Kg1 Rc4 73. Kh2 Kf1 74. Kh1 Ra4 75. Kh2 Rd4 76. Kh1 Rc4 77. Kh2 Ke2 78. Kg1 Rc1+ 79. Kh2 Ke3 80. Ng5 Rc5 81. Nh3 Rf5 82. Kg1 Ke2 83. Kh2 Kf1 84. Kh1 Ra5 85. Nxf4 g5 86. hxg5 Rxg5 87. Kh2 Rf5 88. Nh3 h4 89. f4 Rf8 90. g3 Ke2 91. Kg2 Ke3 92. gxh4 Rg8+ 93. Ng5 Kxf4 94. Kh3 Re8 95. Nf7 Re3+ 96. Kg2 Kg4 97. Nh6+ Kh5 98. Nf5 Ra3 99. Kf2 $11 Kg4 100. Ne3+ Kxh4 101. Kf3 Kg5 102. Ke4 Kf6 103. Kd4 Ke6 104. Nc4 Rh3 105. Kc5 Rh5+ 106. Kd4 Kd7 107. Ne5+ Kd6 108. Nc4+ Ke6 109. Ne3 Rh4+ 110. Kc5 Ke5 111. Nc4+ $1 Ke4 112. Nd6+ Kd3 113. Kd5 Rh5+ 114. Ke6 Ra5 115. Nf5 Ke4 116. Nd6+ Kf4 117. Nc4 Rc5 118. Nd6 Re5+ 119. Kf6 Ra5 120. Ke6 Rh5 121. Nc4 Rh6+ 122. Kd5 Rg6 123. Nd6 Rg1 124. Ke6 Rd1 125. Nc4 Rd4 126. Nd6 Ra4 127. Kd5 Ra6 128. Ke6 Ke3 129. Kd5 Kd3 130. Ke5 Ra5+ 131. Ke6 Kd4 132. Nf5+ Kc5 133. Ke5 Kc6+ 134. Ke4 Kd7 135. Nd4 Kd6 136. Nf5+ Ke6 137. Nd4+ Kf6 138. Nc6 Rf5 139. Nd4 Rh5 140. Nf3 1/2-1/2

[Event "FIDE World Cadets GU12 2022"]
[Site "Batumi"]
[Date "2022.09.27"]
[Round "11.4"]
[White "Yousefian, Maedeh"]
[Black "Mgeladze, Kesaria"]
[Result "1-0"]
[ECO "B06"]
[WhiteElo "1765"]
[BlackElo "1771"]
[Annotator "NA RC COMBH"]
[PlyCount "125"]
[EventDate "2022.09.16"]
[EventType "swiss"]
[EventCountry "GEO"]
[SourceTitle "playchess.com"]
[Source "ChessBase"]
[SourceQuality "1"]
[TimeControl "5400+30"]

1. e4 c5 2. c3 d5 3. exd5 Qxd5 4. d4 g6 5. Nf3 Bg7 6. Be2 cxd4 7. cxd4 Nf6 8. Nc3 Qd8 9. O-O O-O 10. h3 Be6 11. Ne5 Nc6 12. Nxc6 bxc6 13. Bf3 Bd5 14. Be3 Rb8 15. b3 Bxf3 16. Qxf3 Nd5 17. Rac1 Rc8 18. Nxd5 Qxd5 19. Qxd5 cxd5 20. Rfd1 f5 21. f4 Rxc1 22. Rxc1 Rf6 23. Kf2 Ra6 24. Rc2 Kf7 25. Ke2 Ke6 26. Kd3 Kd6 27. Bd2 Kd7 28. a4 Rb6 29. b4 Ra6 30. Ra2 Rc6 31. Bc3 h6 32. b5 Rc4 33. a5 Kc7 34. g4 fxg4 35. hxg4 g5 36. Re2 Bf6 37. f5 Kb7 38. Rb2 Rc8 39. Rh2 Bg7 40. Bb4 Rc7 41. Bc5 a6 42. Re2 Bf6 43. Re6 axb5 44. a6+ Ka8 45. Rb6 Rc8 46. Rxb5 Rh8 47. a7 h5 48. gxh5 g4 49. Rb1 g3 50. Ke3 Rg8 51. Kf3 g2 52. Rg1 Rg5 53. Rxg2 Rxf5+ 54. Ke3 Rg5 55. Rxg5 Bxg5+ 56. Kf3 Bh6 57. Bxe7 Kxa7 58. Bf6 Kb7 59. Kg4 Kc6 60. Kf5 Kd6 61. Kg6 Ke6 62. Be5 Be3 63. h6 1-0

[Event "FIDE World Cadets GU12 2022"]
[Site "Batumi"]
[Date "2022.09.27"]
[Round "11.5"]
[White "Merkulova, Victoria"]
[Black "Haasova, Timea"]
[Result "1/2-1/2"]
[ECO "C06"]
[WhiteElo "1715"]
[BlackElo "1707"]
[Annotator "NA RC COMBH"]
[PlyCount "203"]
[EventDate "2022.09.16"]
[EventType "swiss"]
[EventCountry "GEO"]
[SourceTitle "playchess.com"]
[Source "ChessBase"]
[SourceQuality "1"]
[TimeControl "5400+30"]

1. e4 e6 2. d4 d5 3. Nd2 Nf6 4. e5 Nfd7 5. Bd3 c5 6. c3 Nc6 7. Ne2 cxd4 8. cxd4 f6 9. Nf4 Qe7 10. Qh5+ Qf7 11. Qh3 f5 12. Nxe6 Qxe6 13. Bxf5 Qh6 14. Qd3 Nb4 15. Qf3 Qc6 16. O-O Nb6 17. e6 Be7 18. Qh5+ Kd8 19. Nf3 Bf6 20. Bg5 Qe8 21. Qg4 h6 22. Bf4 Qe7 23. Qg3 Na6 24. Bd6 Qe8 25. Rac1 Nc4 26. b3 Bxe6 27. Rfe1 Nxd6 28. Rxe6 Nxf5 29. Rxe8+ Rxe8 30. Qf4 g6 31. Qd2 Ke7 32. Qe2+ Kd6 33. Qb5 Rac8 34. Rd1 Re7 35. g4 Ng7 36. Ne5 g5 37. Qa5 Bxe5 38. Qa3+ Kd7 39. dxe5 Rxe5 40. Qa4+ Ke6 41. f4 Re4 42. Qb5 Nc5 43. b4 a6 44. Qa5 Rxf4 45. bxc5 Rxg4+ 46. Kh1 Rc6 47. Re1+ Re4 48. Rf1 Nf5 49. Qd8 Re5 50. Qe8+ Kf6 51. Qd7 d4 52. Qxd4 Rcxc5 53. Qd6+ Kg7 54. Qd7+ Re7 55. Qd8 Rf7 56. Qd3 Rb5 57. a4 Rc5 58. Re1 Rc6 59. Qd5 Rcf6 60. Qd3 Nh4 61. Qc3 Kg6 62. Rg1 Nf3 63. Rf1 Kh7 64. Qd3+ Kg7 65. Qc3 Kg6 66. Rf2 Kh7 67. h3 Kg6 68. Qd3+ Kg7 69. Qe3 Kg6 70. Rf1 Kg7 71. Rd1 Nh4 72. Qe5 Nf3 73. Qb2 Kg6 74. Rf1 Kh7 75. Qc3 Kg6 76. a5 Kh7 77. Rb1 Nh4 78. Qd3+ Kg7 79. Qe4 Rf1+ 80. Rxf1 Rxf1+ 81. Kh2 Rf2+ 82. Kg1 Rf7 83. Qd4+ Kg6 84. Qb2 Kh7 85. Kh2 Kg6 86. Qb6+ Kg7 87. Kg3 Ng6 88. Qb2+ Kh7 89. Qc2 Kg7 90. Qc3+ Kh7 91. Qd3 Kg7 92. Qd5 Nh4 93. Qd4+ Kh7 94. Qd3+ Kg7 95. Kg4 Ng6 96. Qd5 Rf4+ 97. Kg3 Rf7 98. Qd4+ Kh7 99. Qd3 Kg7 100. Qd5 Nh4 101. Kg4 Ng6 102. Kg3 1/2-1/2

[Event "FIDE World Cadets GU12 2022"]
[Site "Batumi"]
[Date "2022.09.27"]
[Round "11.6"]
[White "Ismayilova, Khanim"]
[Black "Maklakova, Naomi"]
[Result "1-0"]
[ECO "A28"]
[WhiteElo "1901"]
[BlackElo "1635"]
[Annotator "TA"]
[PlyCount "48"]
[EventDate "2022.09.16"]
[EventType "swiss"]
[EventCountry "GEO"]
[SourceTitle "playchess.com"]
[Source "ChessBase"]
[SourceQuality "1"]
[TimeControl "5400+30"]

1. c4 e5 2. Nc3 Nf6 3. Nf3 Nc6 4. e4 Bc5 5. Nxe5 Nxe5 6. d4 Bb4 7. dxe5 Nxe4 8. Qd4 Nxc3 9. bxc3 Be7 10. Qg4 Kf8 {[%emt 0:00:30] A28: English Opening: Four Knights Variation.} 11. Qe4 d6 12. Be3 f5 {[%emt 0:14:30] The position is equal.} 13. exf6 $1 Bxf6 14. Qc2 {[%emt 0:00:30] [#]} g6 $146 ({Predecessor:} 14... Be6 15. Bd3 g6 16. O-O Qd7 17. Qd2 Kg7 18. Bh6+ Kf7 19. Rab1 b6 20. Be4 Rae8 {½-½ (38) Phillipps,S (2201)-Kirwald,F (2323) Remote email 2014}) 15. Bd3 Kg7 16. O-O (16. O-O-O {looks sharper.} Bg4 17. Rde1 c6 18. h4) 16... Be6 17. f4 {[%emt 0:04:30] [#] f5 is the strong threat.} Qg8 $2 {[%emt 0:19:30] This costs Black the game.} (17... Rf8 $11) 18. f5 $18 gxf5 (18... Bxc4 $142 19. fxg6 hxg6) 19. Rf3 Qf7 20. Bxf5 Bxf5 21. Qxf5 ({Less strong is} 21. Rxf5 Qg6 $16) 21... h6 (21... Rhf8 $142 22. Bh6+ (22. Raf1 Qe7 $16) 22... Kh8) 22. Raf1 {[%emt 0:04:30] Intending Rg3+ and mate.} Rhf8 {[%emt 0:04:03] [#]} 23. Bxh6+ $1 Kxh6 (23... Kh8 24. Bxf8) 24. Rh3+ Kg7 {[%emt 0:00:05] Weighted Error Value: White=0.01 (flawless) /Black=0.92} 1-0

[Event "FIDE World Cadets GU12 2022"]
[Site "Batumi"]
[Date "2022.09.27"]
[Round "11.7"]
[White "Khafizova, Diana"]
[Black "Saparya Ghosh"]
[Result "1-0"]
[ECO "D02"]
[WhiteElo "1411"]
[BlackElo "1563"]
[Annotator "NA RC COMBH"]
[PlyCount "73"]
[EventDate "2022.09.16"]
[EventType "swiss"]
[EventCountry "GEO"]
[SourceTitle "playchess.com"]
[Source "ChessBase"]
[SourceQuality "1"]
[TimeControl "5400+30"]

1. d4 d5 2. Bf4 Nf6 3. Nf3 e6 4. e3 Bd6 5. Bg3 O-O 6. c4 c5 7. Nc3 cxd4 8. Nxd4 Bb4 9. Qb3 Qa5 10. a3 Bxc3+ 11. bxc3 Na6 12. Bd6 Re8 13. Bb4 Nxb4 14. cxb4 Qd8 15. Be2 e5 16. Nc2 Bf5 17. O-O dxc4 18. Bxc4 Qc7 19. Ne1 Ne4 20. Rd1 Rad8 21. Bd3 Qc3 22. Qa4 Bd7 23. Qc2 Qxc2 24. Nxc2 Nc3 25. Rc1 e4 26. Nd4 Rc8 27. Bc2 Red8 28. f3 exf3 29. Rxf3 Bg4 30. Rf2 Rxd4 31. exd4 Ne2+ 32. Rxe2 Bxe2 33. Bxh7+ Kxh7 34. Rxc8 Kg6 35. Rc7 Ba6 36. a4 b6 37. b5 1-0

[Event "FIDE World Cadets GU12 2022"]
[Site "Batumi"]
[Date "2022.09.27"]
[Round "11.8"]
[White "Vizcarra Quispe, Ramalia Bellaluz"]
[Black "Kholyavko, Mariya"]
[Result "0-1"]
[ECO "A05"]
[WhiteElo "1429"]
[BlackElo "1421"]
[Annotator "NA RC COMBH"]
[PlyCount "110"]
[EventDate "2022.09.16"]
[EventType "swiss"]
[EventCountry "GEO"]
[SourceTitle "playchess.com"]
[Source "ChessBase"]
[SourceQuality "1"]
[TimeControl "5400+30"]

1. a3 g6 2. d4 Bg7 3. c4 d6 4. Nf3 Nf6 5. Nc3 O-O 6. e3 Nc6 7. Bd3 e5 8. d5 Ne7 9. Qc2 h6 10. Bd2 Nd7 11. e4 f5 12. O-O-O a5 13. h4 f4 14. Rdf1 c6 15. g3 Qb6 16. Ne2 fxg3 17. fxg3 Nc5 18. Ne1 Bg4 19. Nc3 a4 20. Kb1 Nb3 21. Bc1 Qa7 22. Rxf8+ Rxf8 23. Rf1 Rxf1 24. Bxf1 Nxc1 25. Kxc1 Qg1 26. Qg2 Qe3+ 27. Qd2 Qxg3 28. c5 Nc8 29. Ng2 Qf3 30. Bc4 Kh7 31. Ne3 h5 32. Be2 Qh1+ 33. Kc2 Bxe2 34. Qxe2 dxc5 35. dxc6 bxc6 36. Ng2 Nb6 37. Qf2 Nc4 38. Nxa4 Qxg2 39. Qxg2 Ne3+ 40. Kc3 Nxg2 41. Nxc5 Nxh4 42. a4 Nf3 43. a5 h4 44. Nd3 Nd4 45. Kc4 Bf8 46. a6 Nb5 47. Nxe5 h3 48. Ng4 Bd6 49. Kd3 h2 50. Nf2 g5 51. Ke2 g4 52. Kf1 g3 53. Nh1 Kg6 54. Kg2 Kf6 55. Kf3 Ke6 0-1

[Event "FIDE World Cadets GU12 2022"]
[Site "Batumi"]
[Date "2022.09.27"]
[Round "11.9"]
[White "Zarkym, Ailin"]
[Black "Assylkhan, Asiya"]
[Result "0-1"]
[ECO "B18"]
[WhiteElo "1376"]
[BlackElo "1424"]
[Annotator "NA RC COMBH"]
[PlyCount "106"]
[EventDate "2022.09.16"]
[EventType "swiss"]
[EventCountry "GEO"]
[SourceTitle "playchess.com"]
[Source "ChessBase"]
[SourceQuality "1"]
[TimeControl "5400+30"]

1. e4 c6 2. d4 d5 3. Nc3 dxe4 4. Nxe4 Bf5 5. Nc5 Nd7 6. Nxb7 Qb6 7. Nc5 Nxc5 8. dxc5 Qxc5 9. c3 Nf6 10. Be3 Qd5 11. Nf3 g6 12. Be2 Bg7 13. Nd4 Bd7 14. Bf3 Ne4 15. Qc2 f5 16. Rd1 Qxa2 17. Bxe4 fxe4 18. Qxe4 Qd5 19. Qxd5 cxd5 20. Ne2 e6 21. Bc5 Kf7 22. O-O Rhc8 23. Ba3 Bb5 24. Rfe1 Bxe2 25. Rxe2 Rc6 26. Rd3 d4 27. g3 dxc3 28. bxc3 Bxc3 29. Rc2 Rac8 30. Rd7+ Kg8 31. Rxa7 Bd4 32. Rxc6 Rxc6 33. Rd7 e5 34. Rd8+ Kg7 35. Rd7+ Kg8 36. Rd8+ Kg7 37. Rd7+ Kf6 38. Rxh7 Rc2 39. Rh8 Bxf2+ 40. Kf1 Bd4 41. Bb4 Rf2+ 42. Ke1 Rb2 43. Bd2 Kf5 44. Rh4 e4 45. Rf4+ Ke5 46. Rf8 Kd5 47. Re8 Bg1 48. h3 Kd4 49. Rd8+ Kc4 50. Re8 Kd3 51. Rd8+ Bd4 52. Rxd4+ Kxd4 53. Bg5 Kd3 0-1

[Event "FIDE World Cadets GU12 2022"]
[Site "Batumi"]
[Date "2022.09.27"]
[Round "11.11"]
[White "Negre, Emilie"]
[Black "Imomkuzieva, Nilufarkhon"]
[Result "1/2-1/2"]
[ECO "B38"]
[WhiteElo "1722"]
[BlackElo "1481"]
[Annotator "NA RC COMBH"]
[PlyCount "90"]
[EventDate "2022.09.16"]
[EventType "swiss"]
[EventCountry "GEO"]
[SourceTitle "playchess.com"]
[Source "ChessBase"]
[SourceQuality "1"]
[TimeControl "5400+30"]

1. c4 Nf6 2. Nf3 c5 3. d4 cxd4 4. Nxd4 g6 5. Nc3 Bg7 6. e4 d6 7. Be2 O-O 8. Be3 Nc6 9. O-O Bd7 10. Qd2 Rc8 11. Rac1 Na5 12. b3 Nc6 13. Rfd1 b6 14. f3 h5 15. Bf1 Kh7 16. Qf2 Qc7 17. Nd5 Qb7 18. Qh4 Rfe8 19. Nb5 Nxd5 20. exd5 Ne5 21. Nd4 Bh6 22. Bxh6 Kxh6 23. Re1 f6 24. f4 Nf7 25. Be2 Kg7 26. f5 Rh8 27. fxg6 Ne5 28. Bd3 Rcg8 29. Bf5 Bxf5 30. Nxf5+ Kxg6 31. Qe4 Kf7 32. Qe3 Rg5 33. Nd4 Rhg8 34. Rc2 Qc8 35. Ne6 R5g6 36. Qh3 h4 37. Rf1 Rh8 38. Qf5 Rhg8 39. Qh5 Rh8 40. Qf5 Rhg8 41. Qh5 Rh8 42. Qf5 Rhg8 43. Qh5 Rh8 44. Ng5+ Kg7 45. Ne6+ Kf7 1/2-1/2

[Event "FIDE World Cadets GU12 2022"]
[Site "Batumi"]
[Date "2022.09.27"]
[Round "11.12"]
[White "Beber, Anja"]
[Black "Urangoo, Gurvanbaatar"]
[Result "0-1"]
[ECO "E62"]
[WhiteElo "1674"]
[BlackElo "1391"]
[Annotator "NA RC COMBH"]
[PlyCount "78"]
[EventDate "2022.09.16"]
[EventType "swiss"]
[EventCountry "GEO"]
[SourceTitle "playchess.com"]
[Source "ChessBase"]
[SourceQuality "1"]
[TimeControl "5400+30"]

1. d4 Nf6 2. c4 g6 3. Nf3 Bg7 4. g3 O-O 5. Bg2 d6 6. Nc3 Nc6 7. O-O Bg4 8. b3 Nd7 9. e3 e5 10. Ne2 exd4 11. exd4 Qf6 12. Bg5 Qf5 13. Bf4 Qe4 14. Nc3 Bxf3 15. Nxe4 Bxd1 16. Raxd1 Nxd4 17. Rfe1 Rfe8 18. Kf1 Nc6 19. c5 f5 20. cxd6 fxe4 21. dxc7 Nc5 22. Bd6 Bf8 23. Bxc5 Bxc5 24. Rxe4 Rec8 25. Rc4 Bb6 26. Bxc6 bxc6 27. Rxc6 Rxc7 28. Rxc7 Bxc7 29. Rc1 Bb6 30. Rc2 Rd8 31. Kg2 Kf7 32. a4 Rd4 33. Rb2 Rb4 34. Rd2 Rxb3 35. a5 Bc5 36. Rd7+ Kg8 37. Rc7 Rb5 38. a6 Bb6 39. Rc8+ Kg7 0-1

[Event "FIDE World Cadets GU12 2022"]
[Site "Batumi"]
[Date "2022.09.27"]
[Round "11.13"]
[White "Altynbek, Aiaru"]
[Black "Huseynli, Ayan"]
[Result "1-0"]
[ECO "D00"]
[WhiteElo "1373"]
[BlackElo "1572"]
[Annotator "NA RC COMBH"]
[PlyCount "61"]
[EventDate "2022.09.16"]
[EventType "swiss"]
[EventCountry "GEO"]
[SourceTitle "playchess.com"]
[Source "ChessBase"]
[SourceQuality "1"]
[TimeControl "5400+30"]

1. d4 d5 2. Bf4 e6 3. e3 c5 4. c3 Qb6 5. Qb3 c4 6. Qc2 Nf6 7. Nd2 Nh5 8. Bg3 Nxg3 9. hxg3 f5 10. Be2 g6 11. Nh3 Qd8 12. g4 Bh6 13. b3 fxg4 14. Nf4 Bxf4 15. exf4 cxb3 16. axb3 Qf6 17. g3 h5 18. f3 gxf3 19. Nxf3 Nc6 20. b4 Ne7 21. Qa4+ Kf8 22. Qa5 Nf5 23. Qc5+ Kg8 24. Kf2 h4 25. gxh4 Nxh4 26. Rag1 Nxf3 27. Kxf3 Rxh1 28. Rxh1 Bd7 29. Qc7 Rf8 30. Bd3 Qf7 31. Rh6 1-0

[Event "FIDE World Cadets GU12 2022"]
[Site "Batumi"]
[Date "2022.09.27"]
[Round "11.16"]
[White "Garcia Rodriguez, Laia"]
[Black "Tynyshtyk, Diana"]
[Result "1-0"]
[ECO "B26"]
[WhiteElo "1742"]
[BlackElo "1373"]
[Annotator "NA RC COMBH"]
[PlyCount "79"]
[EventDate "2022.09.16"]
[EventType "swiss"]
[EventCountry "GEO"]
[SourceTitle "playchess.com"]
[Source "ChessBase"]
[SourceQuality "1"]
[TimeControl "5400+30"]

1. e4 c5 2. Nc3 Nc6 3. g3 g6 4. Bg2 Bg7 5. d3 d6 6. Be3 e6 7. Qd2 Nge7 8. Bh6 O-O 9. Bxg7 Kxg7 10. Nge2 Nd4 11. O-O Rb8 12. h3 Nec6 13. f4 a6 14. g4 f5 15. Ng3 fxg4 16. hxg4 Qh4 17. Nce2 Qxg4 18. c3 Nxe2+ 19. Nxe2 d5 20. Rf3 dxe4 21. dxe4 Rd8 22. Qe3 b6 23. Rg3 Qh4 24. f5 exf5 25. exf5 Bd7 26. Rh3 Qe7 27. Qh6+ Kh8 28. f6 Qf7 29. Bd5 Rf8 30. Bxf7 Rxf7 31. Rh2 Ne5 32. Qf4 Re8 33. Rd1 Ng4 34. Rxd7 Rxd7 35. Qxg4 Rd1+ 36. Kf2 Rd2 37. f7 Rdxe2+ 38. Qxe2 Rxe2+ 39. Kxe2 Kg7 40. Rxh7+ 1-0

[Event "FIDE World Cadets GU12 2022"]
[Site "Batumi"]
[Date "2022.09.27"]
[Round "11.18"]
[White "Enkhuyanga Gantsolmon"]
[Black "Kozusnikova, Daniela"]
[Result "1-0"]
[ECO "A14"]
[WhiteElo "1301"]
[BlackElo "1597"]
[Annotator "NA RC COMBH"]
[PlyCount "99"]
[EventDate "2022.09.16"]
[EventType "swiss"]
[EventCountry "GEO"]
[SourceTitle "playchess.com"]
[Source "ChessBase"]
[SourceQuality "1"]
[TimeControl "5400+30"]

1. Nf3 d5 2. c4 e6 3. g3 c5 4. Bg2 Nf6 5. O-O Be7 6. e3 O-O 7. b3 b6 8. Bb2 Bb7 9. Ne5 Nc6 10. Nxc6 Bxc6 11. d4 Qc7 12. dxc5 Bxc5 13. Bxf6 gxf6 14. cxd5 Qe5 15. Nd2 Bxd5 16. Bxd5 Qxd5 17. Qg4+ Kh8 18. Rfd1 Rg8 19. Qf4 Qg5 20. Qf3 f5 21. Nc4 Rad8 22. Ne5 Qe7 23. Qh5 Rxd1+ 24. Rxd1 Rg7 25. Rd7 Qf6 26. Nxf7+ Kg8 27. Rd8+ Bf8 28. Nh6+ Kh8 29. Qe8 Re7 30. Qxf8+ Qxf8 31. Rxf8+ Kg7 32. Nxf5+ Kxf8 33. Nxe7 Kxe7 34. f4 Kf6 35. Kf2 b5 36. Kf3 a5 37. g4 b4 38. h4 Kg6 39. e4 Kf6 40. g5+ Kg6 41. Kg4 Kg7 42. f5 Kf7 43. h5 exf5+ 44. exf5 Kg7 45. f6+ Kf7 46. Kf5 Kg8 47. g6 h6 48. f7+ Kf8 49. Kf6 a4 50. g7# 1-0

[Event "FIDE World Cadets GU12 2022"]
[Site "Batumi"]
[Date "2022.09.27"]
[Round "11.19"]
[White "Misheel, Bold"]
[Black "Semenova, Vasilisa"]
[Result "0-1"]
[ECO "B13"]
[WhiteElo "1593"]
[BlackElo "1332"]
[Annotator "NA RC COMBH"]
[PlyCount "114"]
[EventDate "2022.09.16"]
[EventType "swiss"]
[EventCountry "GEO"]
[SourceTitle "playchess.com"]
[Source "ChessBase"]
[SourceQuality "1"]
[TimeControl "5400+30"]

1. e4 c6 2. d4 d5 3. exd5 cxd5 4. c3 Nc6 5. Be3 Nf6 6. Bd3 g6 7. Nd2 Bf5 8. Bxf5 gxf5 9. Ngf3 e6 10. Qc2 Bd6 11. Nb3 Rg8 12. Rg1 Ne4 13. g3 Qc7 14. O-O-O O-O-O 15. Rdf1 b6 16. Nfd2 Nxd2 17. Qxd2 a5 18. f4 a4 19. Na1 Kd7 20. Nc2 Rb8 21. Qg2 b5 22. Bd2 b4 23. Qf3 b3 24. axb3 axb3 25. Ne3 Qa5 26. Kd1 Ra8 27. Ke2 Qa2 28. Rb1 Qa6+ 29. Kf2 Na5 30. Ra1 Qb5 31. Rgd1 Nc4 32. Nxc4 Qxc4 33. Qe2 Qxe2+ 34. Kxe2 Kc6 35. Kd3 Kb5 36. Rdc1 Rgc8 37. Rxa8 Rxa8 38. c4+ dxc4+ 39. Rxc4 Ra2 40. Bc1 Ra8 41. Kc3 h5 42. Kxb3 h4 43. Rc3 h3 44. Kc2 Rg8 45. Be3 Rxg3 46. Rb3+ Kc6 47. Bd2 Rg2 48. Rxh3 Bxf4 49. Rd3 Rxh2 50. Kc3 Bxd2+ 51. Rxd2 Rxd2 52. Kxd2 f6 53. Kd3 e5 54. Kc4 f4 55. d5+ Kd6 56. b4 f3 57. Kd3 Kxd5 0-1